 Dungeon Crawl Stone Soup version 0.13-a0-1660-ga2b9f94 (webtiles) character file.

651 M4edhros the Sneak (level 7, -1/44 HPs)
             Began as an Octopode Artificer on June 18, 2013.
             Was an Initiate of Fedhas.
             Slain by a sky beast (5 damage)
             ... on Level 5 of the Dungeon.
             The game lasted 00:09:35 (3667 turns).

M4edhros the Sneak (Octopode Artificer)             Turns: 3667, Time: 00:09:37

HP  -1/44        AC  1     Str 10      XL: 7   Next:  9%
MP  10/10        EV 13     Int 17      God: Fedhas [......]
Gold 180         SH  0     Dex 12      Spells:  0 memorised,  6 levels left

Res.Fire  : . . .   See Invis. : .   u - +1,+0 quarterstaff (speed)
Res.Cold  : . . .   Warding    : .   (no shield)
Life Prot.: . . .   Conserve   : .   (helmet restricted)
Res.Poison: .       Res.Corr.  : .   (no amulet)
Res.Elec. : .       Clarity    : .   (no ring)
Sust.Abil.: . .     Spirit.Shd : .   (no ring)
Res.Mut.  : .       Stasis     : .   (no ring)
Res.Rott. : .       Flight     : .   (no ring)
Saprovore : . . .                    (no ring)
                                     (no ring)
                                     (no ring)
                                     (no ring)

@: slightly resistant to hostile enchantments, very stealthy
A: almost no armour, amphibious, 8 rings, constrict 8, camouflage 1, AC +1
a: Renounce Religion


You were on level 5 of the Dungeon.
You worshipped Fedhas.
Fedhas was noncommittal.
You were not hungry.

You visited 2 branches of the dungeon, and saw 6 of its levels.

You collected 160 gold pieces.

Inventory:

Hand weapons
 u - a +1,+0 quarterstaff of speed (weapon)
Missiles
 E - 7 stones (quivered)
Magical devices
 b - a wand of flame (4)
 c - a wand of enslavement (15)
 d - a wand of random effects (15)
Comestibles
 f - a bread ration
 i - 2 chunks of worker ant flesh
 k - 2 pears
 m - a sausage
 q - a meat ration
 w - an apple
 x - an apricot
Scrolls
 e - 2 scrolls of amnesia {unknown}
 g - a scroll of curse weapon {unknown}
 h - a scroll of recharging
 j - 3 scrolls of remove curse
 n - 4 scrolls of identify
 y - a scroll of fog
Potions
 a - a potion of confusion {unknown}
 l - 2 potions of heal wounds
 o - 2 potions of curing
 p - a potion of speed {unknown}
 s - a potion of might {unknown}
 t - a potion of slowing {unknown}
 z - a potion of flight {unknown}
 A - a potion of restore abilities {unknown}
 C - 3 potions of agility {unknown}


   Skills:
 - Level 1.0 Fighting
   Level 1.0 Short Blades
 * Level 4.3 Staves
 + Level 4.2 Dodging
 + Level 5.7 Stealth
 - Level 2.1 Traps
 - Level 3.2 Evocations


You had 6 spell levels left.
You didn't know any spells.

Dungeon Overview and Level Annotations

Branches:
Dungeon (5/27)             Temple (1/1) D:4

Altars:
Ashenzari
Cheibriados
Elyvilon
Fedhas
Kikubaaqudgha
Nemelex Xobeh
Okawaru
Sif Muna
Trog
Vehumet
Xom
Yredelemnul
Zin
the Shining One


Innate Abilities, Weirdness & Mutations

You cannot wear most types of armour.
You are amphibious.
You can wear up to eight rings at the same time.
You can use your tentacles to constrict many enemies at once.
Your skin changes colour to match your surroundings (Stlth).
Your rubbery body absorbs attacks (AC +1).


Message History

The sky beast is heavily wounded.
The sky beast hits you but does no damage.
You barely miss the sky beast.
The sky beast is heavily wounded.
You barely miss the sky beast.
The sky beast is heavily wounded.
The sky beast hits you. The sky beast shocks you.
You closely miss the sky beast.
The sky beast is heavily wounded.
You miss the sky beast.
The sky beast is heavily wounded.
The sky beast hits you. The sky beast shocks you!
* * * LOW HITPOINT WARNING * * *
You hit the sky beast but do no damage.
The sky beast is heavily wounded.
The sky beast hits you.
* * * LOW HITPOINT WARNING * * *
The sky beast shocks you.
You die...
Fedhas appreciates your contribution to the ecosystem.

### #.. ##### #####..
#...###############......
#.......@I...............
#........................
#........................
#...###...###...#......##
#...# ##### #####^.....#
##### ##.....# #......#
#.....## #....####


You could see a sky beast.

Vanquished Creatures
  A phantom (D:4)
  2 crimson imps (D:5)
  2 hound skeletons (D:4)
  3 worker ants
  6 adders
  An adder skeleton (D:4)
  A giant mite (D:1)
  2 worms (D:3)
  A giant eyeball (D:4)
  2 giant geckos
  4 orcs
  2 ball pythons (D:2)
  4 giant cockroaches
  11 goblins
  3 jackals (D:3)
  18 kobolds
  2 quokkas
  11 bats
  5 giant newts
  6 hobgoblins
  11 rats
98 creatures vanquished.

Vanquished Creatures (others)
  A rat (D:1)
  7 toadstools
8 creatures vanquished.

Grand Total: 106 creatures vanquished

Notes
Turn   | Place    | Note
--------------------------------------------------------------
     0 | D:1      | M4edhros, the Octopode Artificer, began the quest for the Orb.
     0 | D:1      | Reached XP level 1. HP: 14/14 MP: 1/1
    27 | D:1      | Reached XP level 2. HP: 2/19 MP: 3/3
   751 | D:1      | Reached XP level 3. HP: 24/24 MP: 4/4
   952 | D:1      | Found a glowing golden altar of the Shining One.
  1140 | D:2      | Found a snail-covered altar of Cheibriados.
  1569 | D:2      | Reached XP level 4. HP: 27/29 MP: 6/6
  1892 | D:3      | Reached skill level 1 in Staves
  2019 | D:3      | Reached skill level 4 in Stealth
  2119 | D:3      | Found a sparkling altar of Nemelex Xobeh.
  2427 | D:4      | Reached XP level 5. HP: 30/34 MP: 7/7
  2645 | D:4      | Noticed a phantom
  2664 | D:4      | Killed a phantom
  2664 | D:4      | Reached skill level 5 in Stealth
  2664 | D:4      | Reached XP level 6. HP: 8/39 MP: 9/9
  2922 | D:4      | Paralysed by a potion of paralysis for 7 turns
  2930 | D:4      | Found a staircase to the Ecumenical Temple.
  2943 | Temple   | Entered the Ecumenical Temple
  3233 | Temple   | Became a worshipper of Fedhas Madash
  3502 | D:5      | Entered Level 5 of the Dungeon
  3543 | D:5      | Reached XP level 7. HP: 40/44 MP: 10/10
  3667 | D:5      | Slain by a sky beast

Action                   |  1- 3 |  4- 6 |  7- 9 || total
-------------------------+-------+-------+-------++-------
Melee: Short sword       |    37 |       |       ||    37
       Mace              |    33 |       |       ||    33
       Quarterstaff      |    10 |   151 |    36 ||   197
Evoke: Wand              |       |    11 |       ||    11
  Use: Scroll            |       |     9 |       ||     9
       Potion            |       |     4 |       ||     4
 Stab: Sleeping          |     7 |     9 |     1 ||    17
       Distracted        |       |     1 |       ||     1
